Workbook

Sheet Anexo A - Motorista e Monitor 1
A1: SERVIÇOS DE TRANSPORTE ESCOLAR
A2: PLANILHA DE CUSTOS E FORMAÇÃO DE PREÇOS
A3: Nº do processo:
A4: Licitação nº:
A5: Licitante:
A6: Discriminação dos Serviços (dados referentes à contratação)
A7: A | B7: Data de apresentação da proposta (dia/mês/ano)
A8: B | B8: Município/UF | H8: ALVORADA-RS | J8: ALVORADA-RS
A9: C | B9: Ano do Acordo, Convenção Coletiva ou Sentença Normativa em Dissídio Coletivo
A10: D | B10: Número de meses de execução contratual | H10: 12 | J10: 12
A12: ANEXO A MÃO DE OBRA Mão de obra cargos de motoristas e monitor
A13: Dados complementares para composição dos custos referente à mão de obra
A14: 1 | B14: Tipo de serviço | I14: Motorista de ônibus | J14: Monitor
A15: 2 | B15: Salário normativo da categoria profissional - para a jornada de 44 h/sem
A16: 3 | B16: Categoria profissional CBO: | I16: 7824-10 | J16: 3341-15
A17: 4 | B17: Data base da categoria (dia/mês/ano)
A18: Nota 1: Deverá ser elaborado um quadro para cada tipo de serviço
A19: Nota 2: A planilha será calculada considerando o valor mensal do empregado
A20: MÓDULO 1: COMPOSIÇÃO DA REMUNERAÇÃO | I20: =I$14 -> Motorista de ônibus | J20: =J$14 -> Monitor
A21: 1 | B21: Composição da Remuneração | E21: Nº de dias úteis | F21: Nº Serventes | G21: Nº Horas/Mês | H21: % | I21: Valor (R$) | J21: Valor (R$)
A22: A | B22: Salário-base | E22: 21 | F22: 1 | G22: 220 | I22: =ROUND(I15/220*$G$22,2) -> 0 | J22: =ROUND(J15/220*$G$22,2) -> 0
A23: B | B23: Insalubridade (sobre salário mínimo nacional de R$ 1.621,00) | I23: =H23*1621 -> 0 | J23: =H23*1621 -> 0
A24: C | B24: Periculosidade | I24: =H24*I22 -> 0 | J24: =H24*J22 -> 0
A25: D | B25: Hora Extra | I25: =I22/220*1.5*H25 -> 0 | J25: =J22/220*1.5*H25 -> 0
A26: E | B26: DSR (descanso semanal remunerado) 30/25*5 | I26: =I25/25*5 -> 0 | J26: =J25/25*5 -> 0
A27: F | B27: Outros
A28: Total da Remuneração | I28: =ROUND(SUM(I22:I27),2) -> 0 | J28: =ROUND(SUM(J22:J27),2) -> 0
A29: Nota 1: O Módulo 1 refere-se ao valor devido ao empregado pela prestação do serviço no período de 12 meses
A30: MÓDULO 2 : ENCARGOS E BENEFÍCIOS ANUAIS, MENSAIS E DIÁRIOS
A31: Submódulo 2.1 - 13º Salário e Adicional de Férias | I31: =I$14 -> Motorista de ônibus | J31: =J$14 -> Monitor
A32: 2.1 | B32: 13º Salário, Férias e Adicional de Férias | H32: Percentual (%) | I32: Valor (R$) | J32: Valor (R$)
A33: A | B33: 13º Salário | H33: 0.083333 | I33: =ROUND(I$28*$H$33,2) -> 0 | J33: =ROUND(J$28*$H$33,2) -> 0 | L33: =1/12 -> 0.083333333
A34: B | B34: Férias e Adicional de Férias | H34: 0.111111 | I34: =ROUND(I$28*$H$34,2) -> 0 | J34: =ROUND(J$28*$H$34,2) -> 0 | L34: =(1/12)*1.333333 -> 0.11111108
A35: TOTAL | H35: =SUM(H33:H34) -> 0.194444 | I35: =ROUND(SUM(I33:I34),2) -> 0 | J35: =ROUND(SUM(J33:J34),2) -> 0
A36: Nota 1: Como a planilha de custos e formação de preços é calculada mensalmente, provisiona-se proporcionalmente 1/12 (um doze avos) dos valores referentes á gratificação natalina e ao adicional de férias
A37: Nota 2: O adicional de férias contido no submódulo 2.1 corresponde a 1/3 (um terço) da remuneração, que, por sua vez, é dividido por 12, conforme Nota 1
A38: Submódulo 2.2 - Encargos Previdenciários, FGTS e outras contribuições: | I38: =I$14 -> Motorista de ônibus | J38: =J$14 -> Monitor
A39: 2.2 | B39: Encargos Previdenciários e FGTS | H39: Percentual (%) | I39: Valor (R$) | J39: Valor (R$)
A40: A | B40: INSS | H40: 0.2 | I40: =ROUND((I$28+I$35)*$H40,2) -> 0 | J40: =ROUND((J$28+J$35)*$H40,2) -> 0
A41: B | B41: SESI ou SESC | H41: 0.015 | I41: =ROUND((I$28+I$35)*$H41,2) -> 0 | J41: =ROUND((J$28+J$35)*$H41,2) -> 0
A42: C | B42: SENAI ou SENAC | H42: 0.01 | I42: =ROUND((I$28+I$35)*$H42,2) -> 0 | J42: =ROUND((J$28+J$35)*$H42,2) -> 0
A43: D | B43: INCRA | H43: 0.002 | I43: =ROUND((I$28+I$35)*$H43,2) -> 0 | J43: =ROUND((J$28+J$35)*$H43,2) -> 0
A44: E | B44: Salário educação | H44: 0.025 | I44: =ROUND((I$28+I$35)*$H44,2) -> 0 | J44: =ROUND((J$28+J$35)*$H44,2) -> 0
A45: F | B45: FGTS | H45: 0.08 | I45: =ROUND((I$28+I$35)*$H45,2) -> 0 | J45: =ROUND((J$28+J$35)*$H45,2) -> 0
A46: G | B46: Seguro Acidente de Trabalho = SAT = (RAT x FAP) SAT = ( %Riscos Ambientais do Trabalho x Fator Acidentário de Prevenção de cada empresa ) | D46: RAT = | E46: 0 | F46: FAP = | G46: 0 | H46: =(E46*G46) -> 0 | I46: =ROUND((I$28+I$35)*$H46,2) -> 0 | J46: =ROUND((J$28+J$35)*$H46,2) -> 0
A47: H | B47: SEBRAE | H47: 0.006 | I47: =ROUND((I$28+I$35)*$H47,2) -> 0 | J47: =ROUND((J$28+J$35)*$H47,2) -> 0
A48: TOTAL | H48: =SUM(H40:H47) -> 0.338 | I48: =ROUND(SUM(I40:I47),2) -> 0 | J48: =ROUND(SUM(J40:J47),2) -> 0
A49: Nota 1: Os percentuais dos encargos previdenciários, do FGTS e das demais contribuições são aqueles estabelecidos pela legislação vigente.
A50: Nota 2: O SAT, a depender do grau de risco do serviço, irá variar entre 1% para risco leve, 2% para risco médio e 3% para risco grave
A51: Nota 3: Esses percentuais incidem sobre algumas rubricas constantes nos Módulos 3 e 4
A52: Submódulo 2.3 - Benefícios Mensais e Diários | I52: =I$14 -> Motorista de ônibus | J52: =J$14 -> Monitor
A53: 2.3 | B53: Benefícios Mensais e Diários | H53: Valor unit.(R$) | I53: Valor (R$) | J53: Valor (R$)
A54: A | B54: Transporte Cálculo do valor: [(2xVTx21) – (6%xSB)] | I54: =ROUND((($H56*$H55*$E$22)-(0.06*I$22)),2) -> 0 | J54: =ROUND((($H56*$H55*$E$22)-(0.06*J$22)),2) -> 0
B55: A.1) Valor da passagem do transporte coletivo no município de prestação dos serviços: | H55: 0
B56: A.2) Quantidade de passagens por dia por empregado: | H56: 2
A57: B | B57: Auxílio-alimentação (vales, cesta básica, entre outros) Cálculo do valor = [VA)x(1-0,20)]
B58: B.1) Valor do auxílio-alimentação (cláusula 15a da CCT Motorista): | H58: 0 | I58: 0 | J58: 0
B59: B.2) Valor da cesta básica (cláusula 14a da CCT Motorista): | H59: 0 | I59: 0 | J59: 0
A60: C | B60: Assistência médica e familiar (cláusula 12ª CCT Motorista e 12° do Monitor): | H60: 0 | I60: 0 | J60: 0
A61: D | B61: Auxílio Creche | H61: 0 | I61: 0 | J61: 0
A62: E | B62: Auxílio Educação | H62: 0 | I62: 0 | J62: 0
A63: F | B63: Seguro de vida (cláusula 13ª CCT Motorista): | H63: 0 | I63: 0 | J63: 0
B64: Total de Benefícios Mensais e Diários | I64: =ROUND(SUM(I54:I63),2) -> 0 | J64: =ROUND(SUM(J54:J63),2) -> 0
A65: Nota 1: O valor informado deverá ser o custo real do benefício (descontado o valor eventualmente pelo empregado)
A66: Nota 2: O percentual de desconto do Vale Transporte deve estar de acordo com a CCT ou , se CCT omissa, CLT | I66: Percentual: | J66: 0.06
A67: Nota 3: O percentual de desconto do Vale Alimentação/Refeição e cesta básica deve estar de acordo com a CCT. | I67: Percentual: | J67: 0
A68: Quadro-Resumo - Módulo 2 - Encargos e Benefícios Anuais, Mensais e Diários | I68: =I$14 -> Motorista de ônibus | J68: =J$14 -> Monitor
A69: 2 | B69: Encargos e Benefícios Anuais, Mensais e Diários | I69: Valor (R$) | J69: Valor (R$)
A70: 2.1 | B70: 13º Salário, Férias e Adicional de Férias | I70: =+I35 -> 0 | J70: =+J35 -> 0
A71: 2.2 | B71: Encargos Previdenciários, FGTS e outras contribuições | I71: =+I48 -> 0 | J71: =+J48 -> 0
A72: 2.3 | B72: Benefícios Mensais e Diários | I72: =+I64 -> 0 | J72: =+J64 -> 0
A73: TOTAL | I73: =ROUND(SUM(I70:I72),2) -> 0 | J73: =ROUND(SUM(J70:J72),2) -> 0
A74: MÓDULO 3: PROVISÃO PARA RESCISÃO | I74: =I$14 -> Motorista de ônibus | J74: =J$14 -> Monitor
A75: 3 | B75: Provisão para rescisão | H75: Percentual (%) | I75: Valor (R$) | J75: Valor (R$)
A76: A | B76: Aviso-prévio indenizado. Cálculo do valor = (Rem/nº meses do contrato)x(nº de dias de indenização/30)x x% de rotatividade anual - utilizado 30 dias | H76: =(1/$H10*J84/30*J83) -> 0 | I76: =ROUND((I$28)*$H76,2) -> 0 | J76: =ROUND((J$28)*$H76,2) -> 0
A77: B | B77: Incidência do FGTS. Cálculo do valor = (Aviso Prévio Indenizado x 8%) | H77: =H76*0.08 -> 0 | I77: =ROUND((I$28)*$H77,2) -> 0 | J77: =ROUND((J$28)*$H77,2) -> 0
A78: C | B78: Multa sobre FGTS e contribuições sociais sobre o aviso-prévio indenizado. Cálculo do valor: Rem (40% x 8% x x%) | H78: =1*0.4*0.08*J83 -> 0 | I78: =ROUND((I$28)*$H78,2) -> 0 | J78: =ROUND((J$28)*$H78,2) -> 0
A79: D | B79: Aviso-previo trabalhado. Cálculo do valor = [(Rem/30)x7]/nº meses do contrato | H79: 0.0194444 | I79: =ROUND((I$28)*$H79,2) -> 0 | J79: =ROUND((J$28)*$H79,2) -> 0
A80: E | B80: Incidência dos encargos do submódulo 2.2 sobre o aviso-prévio trabalhado | H80: =H79*H48 -> 0.0065722072 | I80: =ROUND((I$28)*$H80,2) -> 0 | J80: =ROUND((J$28)*$H80,2) -> 0
A81: F | B81: Multa sobre FGTS e contribuições sociais sobre o aviso-prévio trabalhado. Cálculo do valor: Rem + 13º salário + férias (40% x 8% x 100%) | H81: =1*(1+H35)*0.4*0.08 -> 0.038222208 | I81: =ROUND((I$28)*$H81,2) -> 0 | J81: =ROUND((J$28)*$H81,2) -> 0
A82: TOTAL | I82: =ROUND(SUM(I76:I81),2) -> 0 | J82: =ROUND(SUM(J76:J81),2) -> 0
A83: Nota 1: A ocorrência de aviso-prévio indenizado deverá ser apurada com uso de dados referenciais levantados no histórico de contratos. Para construção do exemplo, utilizamos a estimativa que 5% dos empregados serão substituídos em um ano. | I83: Percentual: | J83: 0
A84: Nota 2: O número de dias de indenização do aviso prévio indenizado depente do período de permanencia do funcionário na empresa, sendo no mínimo 30 dias, se inferior a um ano, e acrescentando 3 dias a cada ano adicional | I84: Dias: | J84: 0
A85: Nota 3: O percentual máximo de 1,94444% para cálculo de aviso prévio trabalhado para o primeiro ano de contrato segue orientações do Acórdão 1186/2017 TCU. Havendo renovação do contrato, este percentual deve ser reduzido para 0,194%.
A86: MÓDULO 4: CUSTO DE REPOSIÇÃO DO PROFISSIONAL AUSENTE
A87: Submódulo 4.1 - Ausências Legais | I87: =I$14 -> Motorista de ônibus | J87: =J$14 -> Monitor
A88: 4.1 | B88: Ausências Legais | H88: Percentual (%) | I88: Valor (R$) | J88: Valor (R$)
A89: A | B89: Férias Considerado no Submódulo 2.1
A90: B | B90: Ausências legais Cálculo do valor = [(Rem/30)x x dias]/12 | H90: =1/30*J99/12 -> 0 | I90: =ROUND((I$28)*$H90,2) -> 0 | J90: =ROUND((J$28)*$H90,2) -> 0
A91: C | B91: Licença-paternidade Cálculo do valor = {[(Rem/30)x5dias]/12}x x% | H91: =1/30*5/12*J100 -> 0 | I91: =ROUND((I$28)*$H91,2) -> 0 | J91: =ROUND((J$28)*$H91,2) -> 0
A92: D | B92: Ausência por acidente de trabalho. Cálculo do valor = {[(Rem/30)x15dias]/12}x x% | H92: =1/30*15/12*J101 -> 0 | I92: =ROUND((I$28)*$H92,2) -> 0 | J92: =ROUND((J$28)*$H92,2) -> 0
A93: E | B93: Ausência por doença Cálculo do valor = [(Rem/30)x xdias]/12 | H93: =1/30*J102/12 -> 0 | I93: =ROUND((I$28)*$H93,2) -> 0 | J93: =ROUND((J$28)*$H93,2) -> 0
A94: F | B94: Outros (especificar)
A95: Subtotal | H95: =SUM(H90:H94) -> 0 | I95: =ROUND(SUM(I89:I94),2) -> 0 | J95: =ROUND(SUM(J89:J94),2) -> 0
A96: G | B96: Incidência dos encargos do submódulo 2.2 sobre o custo de reposição do profissional ausente | H96: =H95*H48 -> 0 | I96: =ROUND((I$28)*$H96,2) -> 0 | J96: =ROUND((J$28)*$H96,2) -> 0
A97: TOTAL | I97: =ROUND(SUM(I95:I96),2) -> 0 | J97: =ROUND(SUM(J95:J96),2) -> 0
A98: Nota 1: Férias – considerando que o valor pago ao substituto durante as férias do empregado já consta na remuneração (Módulo 1) e que o valor pago ao empregado para fazer frente ao custo de suas férias acrescidas de um terço constitucional já foram apuradas na letra B do submódulo 2.1., não existe o custo a ser aportado nesta rubrica | I98: Estatísticas / Estimativas:
A99: Nota 2: As ausências legais (faltas justificadas por lei) deverão ser apuradas com uso de dados referenciais levantados no histórico de contratos. Para construção do exemplo, utilizamos 2,96 dias. | I99: Dias | J99: 0
A100: Nota 3: A licença-paternidade deverá ser apurada com uso de dados referenciais levantados no histórico de contratos. Para construção do exemplo, utilizamos 1,5%. | I100: Percentual: | J100: 0
A101: Nota 4: A ocorrência das ausências por acidente de trabalho deverá ser apurada com uso de dados referenciais levantados no histórico de contratos. Para construção do exemplo, utilizamos 15 dias de média de dias pagos pela empresa e 0,78% de incidência de ocorrência | I101: Percentual: | J101: 0
...

Sheet Anexo B Materiais e Equip
A2: ANEXO B
A3: PLANILHA DE QUANTIDADES E ORÇAMENTO DE EQUIPAMENTOS, UNIFORMES E MATERIAIS
A5: Instruções:
A6: Os insumos referem-se ao necessário para os 12(doze) meses de contrato.
A7: Preencher com, no mínimo, todos os insumos e quantidades exigidas no edital.
A8: Deve-se descrever todos os uniformes/materiais/equipamentos necessários à consecução do serviço.
A10: MÓDULO 5 – INSUMOS DIVERSOS
A12: UNIFORMES e EPI's
A14: Qtde | B14: Descrição | C14: Custo unitário | D14: Custo Total | E14: Custo mensal | F14: Cargos | G14: Quantidade cargos rateio | H14: Rateio | I14: Periodicidade | J14: Trocas no ano | K14: Quant. Por troca por funcionário | L14: Quantidade total ano
A15: 0 | B15: Calça Social | C15: 0 | D15: =C15*A15 -> 0 | E15: =D15/12 -> 0 | F15: Motorista e Monitor | G15: 2 | H15: =E15/G15 -> 0 | I15: Sem troca | J15: 1 | K15: 2 | L15: =G15*J15*K15 -> 4
A16: 0 | B16: Camisa Social Manga Longa | C16: 0 | D16: =C16*A16 -> 0 | E16: =D16/12 -> 0 | F16: Motorista e Monitor | G16: 2 | H16: =E16/G16 -> 0 | I16: Sem troca | J16: 1 | K16: 2 | L16: =G16*J16*K16 -> 4
A17: 0 | B17: Camisa Social Manga Curta | C17: 0 | D17: =C17*A17 -> 0 | E17: =D17/12 -> 0 | F17: Motorista e Monitor | G17: 2 | H17: =E17/G17 -> 0 | I17: Sem troca | J17: 1 | K17: 2 | L17: =G17*J17*K17 -> 4
A18: 0 | B18: Calçado Fechado | C18: 0 | D18: =C18*A18 -> 0 | E18: =D18/12 -> 0 | F18: Motorista e Monitor | G18: 2 | H18: =E18/G18 -> 0 | I18: Sem troca | J18: 1 | K18: 1 | L18: =G18*J18*K18 -> 2
A19: Custo Mensal Motorista e Monitor | H19: =ROUND(SUM(H15:H18),2) -> 0
A22: EQUIPAMENTOS e SERVIÇOS
A24: Qtde | B24: Descrição | C24: Custo Unitário | D24: Valor Anual | E24: Valor Mensal | F24: Vida útil/meses
A25: 0 | B25: Equipamento GPS 4G | C25: 0 | D25: =C25*A25 -> 0 | E25: =D25/F25 -> 0 | F25: 24
A26: 0 | B26: Mão de obra instalação | C26: 0 | D26: =C26*A26 -> 0 | E26: =D26/F26 -> 0 | F26: 12
A27: 0 | B27: Mensalidade serviço | C27: 0 | D27: =C27*A27 -> 0 | E27: =D27/F27 -> 0 | F27: 12
A28: 0 | B28: Celular | C28: 0 | D28: =C28*A28 -> 0 | E28: =D28/F28 -> 0 | F28: 24
A29: 0 | B29: Recarga para Celular | C29: 0 | D29: =C29*A29 -> 0 | E29: =D29/F29 -> 0 | F29: 12
A30: 0 | B30: Placa de Identificação | C30: 0 | D30: =C30*A30 -> 0 | E30: =D30/F30 -> 0 | F30: 24
A31: Custo Total Mensal | E31: =ROUND(SUM(E25:E30),2) -> 0
A32: Custo Mensal por Cargo: Motorista e Monitor | E32: =E31/2 -> 0

Sheet Anexo C custos bens
A1: ANEXO C
A2: PLANILHA DE CUSTOS DE BENS
A4: Cálculo do Custo com a disponibilização dos seguintes Bens:
A6: 1 Ônibus para 40 passageiros
A9: 1.1. Depreciação
A10: Discriminação | B10: Unidade | C10: Quantidade | D10: Custo unitário | E10: Subtotal | F10: Total (R$)
A11: Custo de aquisição do ônibus | B11: unidade | C11: 1 | E11: =C11*D11 -> 0
A12: Vida útil do ônibus | B12: anos | C12: 10
A13: Idade do ônibus | B13: anos
A14: Depreciação do ônibus | B14: % | C14: 100 | D14: =E11 -> 0 | E14: =C14*D14/100 -> 0
A15: Depreciação mensal do ônibus | B15: mês | C15: =C12*12 -> 120 | D15: =IF(C13<=C12,E14,0) -> 0 | E15: =IFERROR(D15/C15,0) -> 0
D16: Fator de utilização | E16: 1 | F16: =E15*E16 -> 0
A18: 1.2. Remuneração do Capital
A19: Discriminação | B19: Unidade | C19: Quantidade | D19: Custo unitário | E19: Subtotal | F19: Total (R$)
A20: Custo de aquisição do ônibus | B20: unidade | C20: 1 | D20: =D11 -> 0 | E20: =C20*D20 -> 0
A21: Taxa de juros anual nominal (projeção FOCUS selic ) | B21: %
A22: Valor do veículo proposto | B22: R$ | C22: =E20 -> 0
A23: Investimento médio total do ônibus | B23: R$ | C23: =C22 -> 0
A24: Remuneração mensal de capital do ônibus | B24: R$ | D24: =C21*C23/12/100 -> 0 | E24: =D24 -> 0 | F24: =(E23*C24)/100/12 -> 0
D25: Fator de utilização | E25: 1 | F25: =E24 -> 0
A27: 1.3. Impostos e Seguros – ônibus
A28: Discriminação | B28: Unidade | C28: Quantidade | D28: Custo unitário | E28: Subtotal | F28: Total (R$)
A29: IPVA (1% sobre valor bem) | B29: unidade | C29: =$C$11 -> 1 | D29: =0.01*($E$11) -> 0 | E29: =C29*D29 -> 0
A30: Licenciamento e Seguro obrigatório | B30: unidade | C30: =$C$11 -> 1 | E30: =C30*D30 -> 0
A31: Seguro contra terceiros | B31: unidade | C31: =$C$11 -> 1 | E31: =C31*D31 -> 0
A32: Impostos e seguros mensais | B32: mês | C32: 12 | D32: =SUM(E29:E31) -> 0 | E32: =D32/C32 -> 0 | F32: =ROUND(E32,2) -> 0
A35: 1.4. Consumos – ônibus
A36: Quilometragem estimativa mensal | B36: 1500
A37: Discriminação | B37: Unidade | C37: Consumo | D37: Custo unitário | E37: Subtotal | F37: Total (R$)
A38: Custo de óleo diesel / km rodado | B38: km/l
A39: Custo mensal com óleo diesel | B39: km | C39: =B36 -> 1500 | D39: =IFERROR(+D38/C38,"-") -> - | E39: =IFERROR(C39*D39,"-") -> -
A40: Custo de óleo / 10.000 km rodados | B40: troca/10.000 km
A41: Custo mensal com óleo | B41: km | C41: =C39 -> 1500 | D41: =C40*D40/10000 -> 0 | E41: =C41*D41 -> 0
A42: Custo com consumos/km rodado | B42: R$/km rodado | D42: =IFERROR(D39+D41,0) -> 0
A43: Total da frota | B43: unidade | C43: =$C$11 -> 1 | E43: =SUM(E38:E42) -> 0 | F43: =ROUND(E43*C43,2) -> 0
A46: 1.5. Manutenção (incluindo lavagens)
A47: Discriminação | B47: Unidade | C47: Quantidade | D47: Custo unitário | E47: Subtotal | F47: Total (R$)
A48: Custo de manutenção do ônibus | B48: R$/km rodado | C48: =C39 -> 1500 | D48: =$D$11*0.05/12/C48 -> 0 | E48: =C48*D48 -> 0
A49: Lavagem do ônibus | B49: R$ | E49: =C49*D49 -> 0
A50: Total da frota ônibus | B50: unidade | C50: =$C$11 -> 1 | E50: =E48+E49 -> 0 | F50: =ROUND(C50*E50,2) -> 0
A52: 1.6. Pneus – ônibus
A53: Discriminação | B53: Unidade | C53: Quantidade | D53: Custo unitário | E53: Subtotal | F53: Total (R$)
A54: Custo do jogo de pneus | B54: unidade | E54: =C54*D54 -> 0
A55: Número de recapagens por pneu | B55: unidade
A56: Custo de recapagem | B56: unidade | C56: =C54*C55 -> 0 | D56: 0 | E56: =C56*D56 -> 0
A57: Custo jg. compl. + X recap./ km rodado | B57: km/jogo | D57: =E54+E56 -> 0 | E57: =IFERROR(D57/C57,"-") -> -
A58: Custo mensal com pneus | B58: km | D58: =E57 -> - | E58: =IFERROR(C58*D58,0) -> 0
A59: Total da frota | B59: unidade | C59: =$C$11 -> 1 | E59: =E58 -> 0 | F59: =ROUND(C59*E59,2) -> 0
A62: Custo Mensal com Veículos (R$/mês) | F62: =ROUND(+SUM(F11:F60),2) -> 0
A65: Alvorada/RS, 14 de abril de 2026.

Sheet Anexo E resumo
A1: ANEXO D
A2: QUADRO RESUMO DA CONTRATAÇÃO
A4: Custos Totais
A5: Anexo A (1500)
A6: Motorista de ônibus | B6: Monitor | D6: =ROUND(3000*C4,2) -> 0 | E6: =2000*C4 -> 0 | F6: =1000*C4 -> 0
A7: =ROUND('Anexo A - Motorista e Monitor 1'!I158,2) -> 0 | B7: =ROUND('Anexo A - Motorista e Monitor 1'!J158,2) -> 0 | D7: 4 | E7: 2 | F7: 2
A8: =ROUND(SUM(A7:B7),0) -> 0 | C8: Custo Total
A9: 1500 | C9: Estimativa KM
A10: =A8/A9 -> 0 | C10: Custo Total KM | D10: =#REF!*#REF! -> #REF! | E10: =#REF!*#REF! -> #REF! | F10: =#REF!*#REF! -> #REF!
H12: =ROUND(1646324.269,2) -> 1646324.3 | I12: =ROUND(97097.624,2) -> 97097.62 | J12: =ROUND(47608.2376,2) -> 47608.24 | K12: =ROUND(46667.7098,2) -> 46667.71
A13: =A$6 -> Motorista de ônibus | B13: =B$6 -> Monitor | C13: Total Pessoal | H13: =ROUND(SUM(I12:K12),2) -> 191373.57
A14: 1 | B14: 1 | C14: =SUM(A14:B14) -> 2 | H14: =H12+H13 -> 1837697.8
A16: Número de meses do Contrato – 12 | D16: 12
A17: VALOR ANUAL DO CONTRATO | D17: =SUM(SUM(#REF!*A14)+SUM(#REF!*C14)+SUM(#REF!*E14))*12 -> #REF!
A19: Alvorada/RS, 14 de abril de 2026.
